 Dungeon Crawl Stone Soup version 0.20.1-1-g8b1a95d (webtiles) character file.

23 Phantomfrettchen the Skirmisher (level 2, -3/24 HPs)
             Began as a Demonspawn Chaos Knight on Oct 2, 2017.
             Slain by a gnoll
             ... wielding a +0 spear
              (4 damage)
             ... on level 2 of the Dungeon.
             The game lasted 00:04:20 (1112 turns).

Phantomfrettchen the Skirmisher (DsCK)              Turns: 1112, Time: 00:04:21

Health: -3/24      AC: 11    Str:  9 (12) XL:     2   Next: 72%
Magic:  2/2        EV: 11    Int: 12 (13) God:    Xom [......]
Gold:   76         SH:  0    Dex:  9 (12) Spells: 1/1 levels left

rFire    + . .     SeeInvis .     - Unarmed
rCold    . . .     Gourm    .   (no shield)
rNeg     . . .     Faith    .   a - +2 leather armour
rPois    .         Spirit   .   (no helmet)
rElec    .         Reflect  .   (no cloak)
rCorr    .         Harm     .   (no gloves)
MR       .....                  (no boots)
Stlth    +.........             (no amulet)
Regen    0.1/turn               (no ring)
MPRegen  0.1/turn               (no ring)

@: lethally poisoned (-3 -> -6), sanguine armour
A: fire resistance 1, sanguine armour 1
a: Renounce Religion


You were on level 2 of the Dungeon.
You worshipped Xom.
You were a very special plaything of Xom.
You were hungry.

You visited 1 branch of the dungeon, and saw 2 of its levels.

You collected 76 gold pieces.

Inventory:

Missiles
 d - 20 poisoned needles
 h - 22 stones (quivered)
 k - 29 arrows
Armour
 a - a +2 leather armour (worn)
Scrolls
 c - a scroll of teleportation {unknown}
 e - a scroll of enchant armour {unknown}
 f - 2 scrolls of identify {unknown}
 j - a scroll of enchant weapon {unknown}
Comestibles
 b - a bread ration


   Skills:
 - Level 3.1 Fighting
 * Level 1.0 Throwing
 - Level 2.0 Armour
 + Level 1.1 Dodging
 - Level 3.0 Unarmed Combat


You had one spell level left.
You didn't know any spells.

Dungeon Overview and Level Annotations

Branches:
Dungeon (2/15)

Altars:


Innate Abilities, Weirdness & Mutations

When seriously injured, your bleeding wounds create armour. (AC +6)
Your flesh is heat resistant. (rF+)


Message History

There was something very wrong with that liquid.
You feel weakened.
You feel dopey.
You feel clumsy.
Xom roars with laughter!
The adder bites you.
* * * LOW HITPOINT WARNING * * *
You are lethally poisoned!
The adder poisons you! The adder bites you.
* * * LOW HITPOINT WARNING * * *
It was a potion of magic.
Magic courses through your body.
* * * LOW HITPOINT WARNING * * *
You feel sick. The adder barely misses you.
You hit the adder.
The adder is heavily wounded.
The adder closely misses you. The gnoll closely misses you.
You barely miss the adder.
The adder is heavily wounded.
The adder closely misses you. The adder barely misses you.
The gnoll hits you from afar with a spear.
You die...
Xom thinks this is hilarious!

#... # #...
#.#... [#..# ....
. ..#.# . #.#.# #
#. #@#.#
#.#.###S#.####.
......ggg......
.......Sg........
#.#.......###....
#.#.###.#.###....
#................
.................
......#.#........


You could see 4 gnolls and 2 adders.

Vanquished Creatures
  A leopard gecko (D:1)
  3 giant cockroaches (D:1)
  3 goblins (D:1)
  5 hobgoblins (D:1)
  3 frilled lizards (D:1)
  3 kobolds (D:1)
  2 rats (D:1)
20 creatures vanquished.

Notes
Turn   | Place    | Note
-------+----------+-------------------------------------------
     0 | D:1      | Phantomfrettchen the Demonspawn Chaos Knight began the quest for the Orb.
     0 | D:1      | Reached XP level 1. HP: 18/18 MP: 1/1
   100 | D:1      | XOM: potion effect (brilliance)
   114 | D:1      | Reached skill level 1 in Dodging
   218 | D:1      | XOM is BORED!
   218 | D:1      | XOM: harmless Pois miscast
   219 | D:1      | Gained mutation: When seriously injured, your bleeding wounds create armour. (AC +6) [demonic ancestry]
   219 | D:1      | Reached XP level 2. HP: 9/24 MP: 2/2
   472 | D:1      | XOM: harmless Chrm miscast
   872 | D:1      | XOM: severe Chrm miscast
  1023 | D:1      | Reached skill level 1 in Throwing
  1024 | D:1      | XOM: give mutation
  1024 | D:1      | Gained mutation: Your flesh is heat resistant. (rF+) [Xom's mischief]
  1104 | D:2      | XOM: harmless Conj miscast
  1110 | D:2      | HP: 1/24 [poisoned by an adder]
  1112 | D:2      | Slain by a gnoll

Skill      XL: |  1  2 |
---------------+-------+-----
Dodging        | 1 |  1.1
Armour         | 2 |  2.0
Unarmed Combat | 3 |  3.0
Throwing       | 1 |  1.0
Fighting       | |  3.1

Action                   || total
-------------------------++-------
Melee: Unarmed           ||   126
Throw: Stone             ||    30
  Use: Potion            ||     2
Armor: Leather armour    ||    51
Dodge: Dodged            ||    87
